 Dungeon Crawl Stone Soup version 0.31.0-9-g3a7656b989 (webtiles) character file.

Game seed: 11791030739601546583

195 qw the Ducker (level 5, -5/26 HPs)
             Began as a Spriggan Hunter on Feb 2, 2024.
             Slain by an orc
             ... wielding a +3 morningstar of venom
              (10 damage)
             ... on level 4 of the Dungeon.
             The game lasted 00:00:08 (1720 turns).

qw the Ducker (Spriggan Hunter)                     Turns: 1720, Time: 00:00:08

Health: -5/26      AC:  7    Str:  7    XL:     5   Next: 45%
Magic:  6/6        EV: 20    Int: 11    God:
Gold:   144        SH:  0    Dex: 20    Spells: 4/4 levels left

rFire   . . .        a - +0 shortbow
rCold   . . .        (shield currently unavailable)
rNeg    . . .        c - +0 robe
rPois   .            (helmet restricted)
rElec   .            k - +0 cloak
rCorr   .            (gloves unavailable)
SInv    +            (boots unavailable)
Will    .....        (no amulet)
Stlth   ++           j - +4 ring of protection
HPRegen 0.24/turn    (no ring)
MPRegen 0.10/turn

%: no passive effects
@: lethally poisoned (-5 -> -10), very quick
A: very small, no large weapons, unfitting armour, see invisible, speed 3
a: no special abilities


You were on level 4 of the Dungeon.
You visited 1 branch of the dungeon, and saw 4 of its levels.

You collected 144 gold pieces.


Innate Abilities, Weirdness & Mutations

You are very small and have problems with some larger weapons.
You are too small for most types of armour.
You have supernaturally acute eyesight. (SInv)
You cover ground extremely quickly. (Speed+++)


   Skills:
 - Level 2.2 Fighting
 + Level 5.3 Ranged Weapons
 - Level 5.4 Dodging
 - Level 1.5 Stealth


You had 4 spell levels left.
You didn't know any spells.
Your spell library was empty.

Inventory:

Hand Weapons
 a - a +0 shortbow (weapon)
Armour
 c - a +0 robe (worn)
 k - a +0 cloak (worn)
Jewellery
 j - a +4 ring of protection (left hand)
Wands
 f - a wand of iceblast (6)
Potions
 b - a potion of mutation
 d - a potion of might
 e - a potion of enlightenment
 h - a potion of attraction {unknown}
 i - a potion of curing {unknown}
 l - a potion of brilliance {unknown}

Dungeon Overview and Level Annotations

Branches:
Dungeon (4/15)
 Temple: D:4-7

Altars:
Yredelemnul

Shops:
D:2 :

Annotations:
D:3 3 runed translucent doors, qw's ghost, amateur DgHu


Message History

You shoot an arrow. The arrow barely misses the orc.
The orc shouts!
The orc throws a boomerang.
The boomerang completely misses you.
You shoot an arrow.
The arrow hits the orc but does no damage.
The orc is heavily wounded.
The orc throws a boomerang.
The boomerang barely misses you.
You shoot an arrow. The arrow hits the orc.
The orc is severely wounded.
You shoot an arrow. The arrow hits the orc!
You kill the orc!
You shoot an arrow.
The arrow hits the orc but does no damage.
You shoot an arrow. The arrow closely misses the orc.
You shoot an arrow. The arrow hits the orc.
The orc is heavily wounded.
The orc completely misses you.
You shoot an arrow. The arrow closely misses the orc.
The orc hits you with a +3 morningstar of venom.
You shoot an arrow.
The arrow hits the orc but does no damage.
The orc is heavily wounded.
The orc hits you but does no damage.
The orc hits you with a +3 morningstar of venom.
You are poisoned.
You shoot an arrow. The arrow hits the orc.
The orc is almost dead.
You feel very sick. The orc hits you but does no damage.
The orc barely misses you.
You shoot an arrow. The arrow closely misses the orc.
You feel very sick. The orc misses you. The orc barely misses you.
You shoot an arrow. The arrow closely misses the orc.
You feel sick. The orc misses you. x2
You shoot an arrow.
The arrow hits the orc but does no damage.
The orc is almost dead.
You feel sick. The orc hits you with a +0 club.
The orc hits you with a +3 morningstar of venom!
You die...

#######.#
#oo).)..#
#######@#######
.)......<.....#
#############.#


You could see 2 orcs.

Vanquished Creatures
  A bombardier beetle (D:3)
  2 scorpion zombies (D:3)
  4 adders
  5 dart slugs
  2 orcs (D:4)
  5 endoplasms
  A giant cockroach (D:1)
  4 hobgoblins
  7 jackals (D:1)
  5 kobolds
  3 quokkas (D:1)
  4 ball pythons (D:1)
  4 bats
  3 frilled lizards
  7 goblins
  5 rats
62 creatures vanquished.

Notes
Turn   | Place    | Note
-------+----------+-------------------------------------------
     0 | D:1      | qw the Spriggan Hunter began the quest for the Orb.
     0 | D:1      | Reached XP level 1. HP: 10/10 MP: 2/2
     0 | D:1      | 0 ||| qw: Version: 0.3-a-155-g5e7d8dd
     0 | D:1      | 0 ||| qw: Game counter: 506
     0 | D:1      | 0 ||| qw: Melee chars always use a shield: true
     0 | D:1      | 0 ||| qw: God list: Okawaru
     0 | D:1      | 0 ||| qw: Allow faded altars: false
     0 | D:1      | 0 ||| qw: Do Orc after clearing Dungeon:15 true
     0 | D:1      | 0 ||| qw: Do second Lair branch before Depths: true
     0 | D:1      | 0 ||| qw: Lair rune preference: random
     0 | D:1      | 0 ||| qw: Goals: Normal
     0 | D:1      | 0 ||| PLANNING D:1-11
    39 | D:1      | Reached skill level 3 in Dodging
    89 | D:1      | Reached XP level 2. HP: 14/14 MP: 3/3
   220 | D:1      | Reached XP level 3. HP: 18/18 MP: 4/4
   459 | D:1      | You fall into a shaft and drop 1 floor!
   476 | D:2      | Found Nuzitolo's Book Shoppe.
   546 | D:2      | 546 ||| READING scroll labelled XALLYU CAQINU.
   547 | D:2      | 547 ||| READING scroll labelled POFERU OQOURIA.
   547 | D:2      | 547 ||| IDENTIFYING red potion
   548 | D:2      | 548 ||| DROPPING scroll of butterflies.
   854 | D:2      | Found a faded altar of an unknown god.
   901 | D:2      | Reached XP level 4. HP: 22/22 MP: 5/5
  1150 | D:2      | 1150 ||| UPGRADING to +0 cloak.
  1155 | D:2      | 1155 ||| UPGRADING to +4 ring of protection.
  1156 | D:2      | 1156 ||| READING scroll of identify.
  1156 | D:2      | 1156 ||| IDENTIFYING sedimented puce potion
  1423 | D:3      | Found a runed translucent gate.
  1423 | D:3      | Found a runed translucent gate.
  1423 | D:3      | Found a runed translucent gate.
  1423 | D:3      | Noticed qw's ghost (amateur DgHu)
  1425 | D:3      | 1425 ||| READING scroll of identify.
  1425 | D:3      | 1425 ||| IDENTIFYING white potion
  1426 | D:3      | 1426 ||| READING scroll labelled MYCONA SUNN.
  1427 | D:3      | Found a basalt altar of Yredelemnul.
  1428 | D:3      | 1428 ||| READING scroll labelled QOS OFOURIXOPO.
  1429 | D:3      | 1429 ||| FLEEEEING.
  1431 | D:3      | 1431 ||| FLEEEEING.
  1432 | D:3      | 1432 ||| FLEEEEING.
  1434 | D:3      | 1434 ||| FLEEEEING.
  1435 | D:3      | 1435 ||| FLEEEEING.
  1437 | D:3      | 1437 ||| FLEEEEING.
  1438 | D:3      | 1438 ||| FLEEEEING.
  1440 | D:3      | 1440 ||| FLEEEEING.
  1441 | D:3      | 1441 ||| FLEEEEING.
  1442 | D:3      | 1442 ||| FLEEEEING.
  1443 | D:3      | 1443 ||| FLEEEEING.
  1444 | D:3      | 1444 ||| FLEEEEING.
  1445 | D:3      | 1445 ||| FLEEEEING.
  1446 | D:3      | 1446 ||| FLEEEEING.
  1447 | D:3      | 1447 ||| FLEEEEING.
  1448 | D:3      | 1448 ||| FLEEEEING.
  1449 | D:3      | 1449 ||| FLEEEEING.
  1450 | D:3      | 1450 ||| FLEEEEING.
  1451 | D:3      | 1451 ||| FLEEEEING.
  1452 | D:3      | 1452 ||| FLEEEEING.
  1453 | D:3      | 1453 ||| FLEEEEING.
  1454 | D:3      | 1454 ||| FLEEEEING.
  1455 | D:3      | 1455 ||| FLEEEEING.
  1457 | D:3      | 1457 ||| FLEEEEING.
  1458 | D:3      | 1458 ||| FLEEEEING.
  1465 | D:3      | 1465 ||| FLEEEEING.
  1466 | D:3      | 1466 ||| FLEEEEING.
  1467 | D:3      | 1467 ||| FLEEEEING.
  1468 | D:3      | 1468 ||| FLEEEEING.
  1469 | D:3      | 1469 ||| FLEEEEING.
  1470 | D:3      | 1470 ||| FLEEEEING.
  1471 | D:3      | 1471 ||| FLEEEEING.
  1472 | D:3      | 1472 ||| FLEEEEING.
  1494 | D:3      | Reached XP level 5. HP: 24/26 MP: 6/6
  1720 | D:4      | HP: 5/26 [orc/+0 club (3)]
  1720 | D:4      | Slain by an orc

Levels and vault maps discovered:
D:1:      sevenhm_arrival_forest_fort_small_4, layout_basic
D:2:      layout_basic, serial_shops, nicolae_shop_stone,
          hellmonk_ecumenical_altar_crossroads
D:3:      layout_rooms, nicolae_yredelemnul_ghost_church
D:4:      layout_basic

Skill      XL: |  1  2  3  4 |
---------------+-------------+-----
Dodging        | 3 4 5 |  5.4
Ranged Weapons | 5 |  5.3
Fighting       | 2 |  2.2
Stealth        | |  1.5

Action                     |  1- 3 |  4- 6 || total
---------------------------+-------+-------++-------
   Fire: Shortbow          |    96 |    95 ||   191
    Use: Scroll            |     2 |     4 ||     6
 Armour: Robe              |    10 |    19 ||    29
  Dodge: Dodged            |    27 |    36 ||    63

Table legend:
 A = Non-vault XP
 B = Vault XP
 C = Vault XP percentage of total XP
 D = Non-vault monster count
 E = Vault monster count
 F = Vault count percentage of total count
                 A         B        C        D         E       F
            +---------+---------+-------+---------+---------+-------
      Total |     204 |      75 |  26.9 |      60 |       2 |   3.2
            +---------+---------+-------+---------+---------+-------
        D:1 |      54 |       0 |   0.0 |      30 |       0 |   0.0
        D:2 |      53 |       0 |   0.0 |      16 |       0 |   0.0
        D:3 |      91 |      75 |  45.2 |      12 |       2 |  14.3
        D:4 |       6 |       0 |   0.0 |       2 |       0 |   0.0
            +---------+---------+-------+---------+---------+-------
